 Dungeon Crawl Stone Soup version 0.30.1-3-gfc49f6343a (webtiles) character file.

Game seed: 17747192230490285968

63 Bronimir the Stinger (level 3, -1/24 HPs)
             Began as a Demonspawn Venom Mage on July 20, 2023.
             Slain by Grinder (3 damage)
             ... on level 3 of the Dungeon on July 21, 2023.
             The game lasted 00:08:34 (2727 turns).

Bronimir the Stinger (Demonspawn Venom Mage)        Turns: 2727, Time: 00:08:35

Health: -1/24      AC:  2    Str:  8    XL:     3   Next: 89%
Magic:  0/6        EV: 12    Int: 18    God:
Gold:   196        SH:  0    Dex: 13    Spells: 4/7 levels left

rFire   . . .        m - +0 trident
rCold   . . .        (no shield)
rNeg    . . .        a - +0 robe
rPois   .            (no helmet)
rElec   .            (no cloak)
rCorr   .            (no gloves)
SInv    .            (no boots)
Will    .....        (no amulet)
Stlth   ++           (no ring)
HPRegen 0.24/turn    (no ring)
MPRegen 0.10/turn

%: no passive effects
@: no status effects
A: demonic magic 1
a: no special abilities


You were on level 3 of the Dungeon.
You visited 1 branch of the dungeon, and saw 3 of its levels.

You collected 196 gold pieces.

Inventory:

Hand Weapons
 e - a +0 whip
 f - a +0 short sword
 m - a +0 trident (weapon)
Missiles
 g - 50 stones
Armour
 a - a +0 robe (worn)
Scrolls
 c - a scroll of enchant armour {unknown}
 d - a scroll of poison {unknown}
 i - 2 scrolls of fear {unknown}
 o - 4 scrolls of identify {unknown}
Potions
 b - 2 potions of magic
 h - 2 potions of heal wounds {unknown}
 k - 3 potions of might {unknown}
 l - 2 potions of attraction {unknown}
 n - 2 potions of brilliance {unknown}


   Skills:
 + Level 0.1 Polearms
 * Level 2.1 Dodging
 + Level 2.1 Stealth
 + Level 2.5 Spellcasting
 + Level 1.2 Transmutations
 + Level 0.9 Air Magic
 * Level 3.6 Poison Magic


You had 4 spell levels left.
You knew the following spells:

 Your Spells              Type           Power      Damage    Failure   Level
a - Sting                 Tmut/Pois      44%        1d5       6%          1
b - Poisonous Vapours     Pois/Air       20%        N/A       10%         2

Your spell library contained the following spells:

 Spells                   Type           Power      Damage    Failure   Level
 Shock                    Conj/Air       12%        1d3       14%         1
 Spider Form              Tmut/Pois      11%        N/A       19%         3
 Mephitic Cloud           Conj/Pois/Air  7%         N/A       28%         3
 Swiftness                Air            5%         N/A       34%         3
 Olgreb's Toxic Radiance  Pois           15%        N/A       36%         4
 Teleport Other           Tloc           2%         N/A       45%         3
 Airstrike                Air            2%         2d(1-17)  75%         4
 Eringya's Noxious Bog    Tmut/Pois      5%         N/A       100%        6


Dungeon Overview and Level Annotations

Branches:
Dungeon (3/15)

Altars:

Shops:
D:2 (

Annotations:
D:3 Grinder, Jessica


Innate Abilities, Weirdness & Mutations

Spells you cast may paralyse adjacent enemies.


Message History

Confirm with . or Enter, or press ? or * to list all spells.
Aiming: Sting (safe; 6% risk of failure)
Press: ? - help, Shift-Dir - straight line, f/p - Grinder
Aim: Grinder (moderately wounded, poisoned, 68% to hit)
The sting hits Grinder.
Grinder partially resists.
Grinder is moderately wounded.
Malevolent energies surge around you. Grinder barely misses you.
Casting: Sting (safe; 6% risk of failure)
Confirm with . or Enter, or press ? or * to list all spells.
Aiming: Sting (safe; 6% risk of failure)
Press: ? - help, Shift-Dir - straight line, f/p - Grinder
Aim: Grinder (moderately wounded, poisoned, 68% to hit)
The sting hits Grinder.
Grinder looks even sicker.
Grinder is moderately wounded.
Malevolent energies surge around you.
Grinder suddenly stops moving!
Casting: Sting (safe; 6% risk of failure)
Confirm with . or Enter, or press ? or * to list all spells.
Aiming: Sting (safe; 6% risk of failure)
Press: ? - help, Shift-Dir - straight line, f/p - Grinder
Aim: Grinder (moderately wounded, paralysed, very poisoned, 100% to hit)
The sting hits Grinder.
Grinder looks even sicker.
Grinder is moderately wounded.
Malevolent energies surge around you.
Casting: Sting (safe; 6% risk of failure)
Confirm with . or Enter, or press ? or * to list all spells.
You don't have enough magic to cast this spell.
Unknown command.
Casting: Sting (safe; 6% risk of failure)
Confirm with . or Enter, or press ? or * to list all spells.
You don't have enough magic to cast this spell.
Unknown command.
The helpless Grinder fails to defend herself.
You hit Grinder.
Grinder is heavily wounded.
Grinder is no longer paralysed.
Grinder hits you!
You writhe in agony.
* * * LOW HITPOINT WARNING * * *
Grinder hits you.
* * * LOW HITPOINT WARNING * * *
You writhe in agony.
You die...

#.# #.. #.# #.#
#######################'#
#########........................
......................# #........
.).......)............# #........
................@5....# #........
.......##.............# #........
.......##.............# #.......#
.......##........................
.......##.........!..............
.......##............##. ...####
...................... .. ...
................####... #..
............. ...


You could see Grinder (very poisoned).

Vanquished Creatures
  3 adders
  A worm (D:2)
  A dart slug (D:3)
  3 ball pythons
  An endoplasm (D:1)
  2 giant cockroaches
  4 goblins
  A quokka (D:2)
  5 bats
  5 frilled lizards
  8 kobolds
  A rat (D:2)
35 creatures vanquished.

Notes
Turn   | Place    | Note
-------+----------+-------------------------------------------
     0 | D:1      | Bronimir the Demonspawn Venom Mage began the quest for the
                  | Orb.
     0 | D:1      | Reached XP level 1. HP: 13/13 MP: 3/3
   441 | D:1      | Reached skill level 1 in Transmutations
   653 | D:1      | Gained mutation: Spells you cast may paralyse adjacent
                  | enemies. [demonic ancestry]
   653 | D:1      | Reached XP level 2. HP: 19/19 MP: 1/5
  1197 | D:2      | Found a faded altar of an unknown god.
  1247 | D:2      | Learned a level 2 spell: Poisonous Vapours
  1326 | D:2      | Found Wookk's Antique Weapon Boutique.
  1570 | D:2      | Reached XP level 3. HP: 24/24 MP: 1/6
  1728 | D:2      | Got the Teachings on the Dimensional Assassin
  2595 | D:3      | Noticed Jessica
  2716 | D:3      | Noticed Grinder
  2718 | D:3      | Paralysed by Grinder for 2 turns
  2727 | D:3      | Slain by Grinder

Illustrated notes

Levels and vault maps discovered:
D:1:      wander_arrival_chamber, layout_basic, minmay_tree_intersection,
          nicolae_eternal_life, amcnicky_mini_pool_small,
          minmay_shallow_snake_nest
D:2:      layout_rooms, serial_bayou, serial_bayou_pond_c, serial_bayou_pond_e,
          serial_bayou_ford_a, serial_bayou_pond_a, serial_shops,
          nicolae_diamond_shop, ebering_ecumenical_altar_petrified,
          lexackson_kobold_supper
D:3:      layout_basic, uniq_jessica, uniq_grinder

Skill      XL: |  1  2 |
---------------+-------+-----
Dodging        | 2 |  2.1
Transmutations | 1 |  1.2
Stealth        | 2 |  2.1
Polearms       | |  0.1
Spellcasting   | |  2.5
Air Magic      | |  0.9
Poison Magic   | |  3.6

Action                     || total
---------------------------++-------
  Melee: Short sword       ||     5
         Whip              ||     3
         Punch             ||     2
         Trident           ||    41
   Cast: Sting             ||    41
         Poisonous Vapours ||    16
    Use: Potion            ||     3
   Stab: Paralysed         ||     4
         Sleeping          ||     2
 Armour: Robe              ||    11
  Dodge: Dodged            ||    37
